 Dungeon Crawl Stone Soup version 0.28-a0-969-g2dcde036d2 (webtiles) character file.

Game seed: 10244085672077650899

37 GregHouse the Chopper (level 3, 0/33 HPs)
             Began as a Hill Orc Monk on Dec 1, 2021.
             Slain by Terence (1 damage)
             ... on level 2 of the Dungeon.
             The game lasted 00:11:05 (1894 turns).

GregHouse the Chopper (Hill Orc Monk)               Turns: 1894, Time: 00:11:06

Health: 0/33       AC:  7    Str: 15    XL:     3   Next: 39%
Magic:  3/3        EV:  9    Int: 10    God:
Gold:   33         SH:  3    Dex: 13    Spells: 2/2 levels left

rFire   . . .      SeeInvis .   a - +0 hand axe
rCold   . . .      Faith    .   f - +0 buckler
rNeg    . . .      Spirit   .   k - +0 scale mail
rPois   .          Reflect  .   i - +0 helmet
rElec   .          Harm     .   (no cloak)
rCorr   .          Rampage  .   (no gloves)
Will    .....                   (no boots)
Stlth   ..........              (no amulet)
HPRegen 0.11/turn               (no ring)
MPRegen 0.08/turn               (no ring)

@: no status effects
A: no striking features
a: no special abilities


You were on level 2 of the Dungeon.
You visited 1 branch of the dungeon, and saw 3 of its levels.

You collected 33 gold pieces.

Inventory:

Hand Weapons
 a - a +0 hand axe (weapon)
Missiles
 e - 28 arrows
Armour
 f - a +0 buckler (worn)
 i - a +0 helmet (worn)
 k - a +0 scale mail (worn)
Scrolls
 d - 2 scrolls of identify {unknown}
 h - a scroll of noise {unknown}
 j - a scroll of fear {unknown}
Potions
 c - a potion of brilliance {unknown}


   Skills:
 + Level 4.1 Fighting
 + Level 4.4 Axes
 + Level 0.8 Armour
 - Level 2.7 Dodging
 + Level 1.7 Stealth
 + Level 0.5 Shields


You had 2 spell levels left.
You didn't know any spells.
Your spell library was empty.

Dungeon Overview and Level Annotations

Branches:
Dungeon (3/15)

Altars:

Annotations:
D:2 Terence


Message History

Terence is moderately wounded.
Terence hits you with a +0 mace.
You barely miss Terence.
Terence is moderately wounded.
Terence hits you with a +0 mace.
You hit Terence but do no damage.
Terence is moderately wounded.
Terence hits you with a +0 mace!
* * * LOW HITPOINT WARNING * * *
You hit Terence.
Terence is heavily wounded.
Terence barely misses you. Terence closely misses you.
You hit Terence but do no damage.
Terence is heavily wounded.
Terence hits you with a +0 mace.
* * * LOW HITPOINT WARNING * * *
You barely miss Terence.
Terence is heavily wounded.
Terence barely misses you.
You hit Terence but do no damage.
Terence is heavily wounded.
Terence closely misses you.
You hit Terence.
Terence is heavily wounded.
Terence closely misses you.
You closely miss Terence.
Terence is heavily wounded.
Terence barely misses you. Terence closely misses you.
You hit Terence but do no damage.
Terence is heavily wounded.
Terence misses you.
You closely miss Terence.
Terence is heavily wounded.
Terence says, "Rest in peace."
Terence hits you with a +0 mace!
* * * LOW HITPOINT WARNING * * *
You hit Terence.
Terence is heavily wounded.
Terence hits you with a +0 mace.
You die...

#.##...#..#..# #.# #
#####.##..##..#..####.#
#
#.....................#
#
########.#####.#.######
#...# #.....# ###.#
####### #.# #.# #@# #@#
#.# #.# #.# #.# #.# #.#


You could see Terence.

Vanquished Creatures
  4 ball pythons
  4 endoplasms
  A giant cockroach (D:1)
  3 goblins
  3 hobgoblins
  3 kobolds
  3 quokkas
  4 bats
  3 frilled lizards
  4 rats
32 creatures vanquished.

Notes
Turn   | Place    | Note
-------+----------+-------------------------------------------
     0 | D:1      | GregHouse the Hill Orc Monk began the quest for the Orb.
     0 | D:1      | Reached XP level 1. HP: 19/19 MP: 1/1
   175 | D:1      | Reached XP level 2. HP: 22/27 MP: 2/2
   915 | D:2      | Found a faded altar of an unknown god.
  1254 | D:2      | Reached XP level 3. HP: 31/33 MP: 3/3
  1877 | D:2      | Noticed Terence
  1893 | D:2      | HP: 1/33 [Terence (7)]
  1894 | D:2      | Slain by Terence

Illustrated notes

Levels and vault maps discovered:
D:1:      lightli_arrival_isolated_outpost, layout_basic
D:2:      layout_basic, ebering_ecumenical_altar_sacrificial,
          chequers_serial_rivers_micro_e, uniq_terence
D:3:      layout_rooms, minmay_quadrilaterals, uniq_crazy_yiuf_cottage,
          uniq_sigmund

Skill      XL: |  1  2 |
---------------+-------+-----
Fighting       | 4 |  4.1
Axes           | |  4.4
Armour         | |  0.8
Dodging        | |  2.7
Stealth        | |  1.7
Shields        | |  0.5

Action                   || total
-------------------------++-------
Melee: Hand axe          ||   108
 Stab: Sleeping          ||     1
Armor: Robe              ||     8
       Leather armour    ||     7
       Scale mail        ||    11
Dodge: Dodged            ||    63
Block: Buckler           ||     9

Table legend: (Time is in decaauts)
 A = Elapsed time spent in this place.
 B = Non-inter-level travel time spent in this place.
 C = Inter-level travel time spent in this place.
 D = Time resting spent in this place.
 E = Time spent auto-exploring this place.
 F = Levels seen in this place.
 G = Mean time per level.
                   A        B        C        D        E       F      G
               +--------+--------+--------+--------+--------+-----+--------+
         Total |   1917 |   1899 |     18 |    217 |    975 |   3 |  639.0 |
       Dungeon |   1917 |   1899 |     18 |    217 |    975 |   3 |  639.0 |
               +--------+--------+--------+--------+--------+-----+--------+

Top non-repeatable levels by time:
     D:1: 1243 daAuts
     D:2: 667 daAuts
     D:3: 6 daAuts
